 Dungeon Crawl Stone Soup version 0.30-a0-723-gc1506a1cf0 (webtiles) character file.

Game seed: 9072887985646025641

53 timneilson the Covered (level 3, -1/23 HPs)
             Began as a Gargoyle Fighter on Jan 28, 2023.
             Slain by Terence
             ... wielding a +3 mace of holy wrath
              (2 damage)
             ... on level 2 of the Dungeon.
             The game lasted 00:02:04 (1226 turns).

timneilson the Covered (Gargoyle Fighter)           Turns: 1226, Time: 00:02:04

Health: -1/23      AC: 10    Str: 21    XL:     3   Next: 89%
Magic:  3/3        EV:  9    Int:  8    God:
Gold:   56         SH:  4    Dex:  9    Spells: 2/2 levels left

rFire   . . .      SeeInvis .    a - +0 long sword
rCold   . . .      Faith    .    c - +0 buckler
rNeg    + . .      Spirit   .    b - +0 scale mail
rPois   ∞          Reflect  .    (no helmet)
rElec   +          Harm     .    (no cloak)
rCorr   +          Rampage  .    (no gloves)
Will    .....                    (no boots) Stlth
                                 (no amulet)
HPRegen 0.23/turn                g - ring of flight
MPRegen 0.08/turn                j - ring of resist corrosion

@: flying, hasted, very quick
A: sickness immunity, AC +3, negative energy resistance 1, electricity
resistance, torment resistance 1, petrification resistance
a: no special abilities


You were on level 2 of the Dungeon.
You visited 1 branch of the dungeon, and saw 3 of its levels.

You collected 56 gold pieces.

Inventory:

Hand Weapons
 a - a +0 long sword (weapon)
Armour
 b - a +0 scale mail (worn)
 c - a +0 buckler (worn)
Jewellery
 g - a ring of flight (left hand)
 j - a ring of resist corrosion (right hand)
Scrolls
 h - 3 scrolls of identify {unknown}
 k - a scroll of magic mapping {unknown}
 l - 2 scrolls of butterflies {unknown}
 n - a scroll of poison {unknown}
 o - a scroll of vulnerability {unknown}
Potions
 d - 2 potions of might
 e - 2 potions of haste
 f - a potion of brilliance {unknown}
 i - a potion of attraction {unknown}
 m - a potion of degeneration {unknown}


   Skills:
 + Level 3.4 Fighting
 * Level 2.4 Long Blades
 * Level 3.9 Armour
 + Level 0.5 Dodging
 * Level 3.8 Shields


You had 2 spell levels left.
You didn't know any spells.
Your spell library contained the following spells:

 Spells                   Type           Power      Damage    Failure   Level
 Blink                    Tloc           0%         N/A       92%         2
 Lesser Beckoning         Tloc           0%         N/A       92%         2
 Momentum Strike          Conj/Tloc      0%         3d8       92%         2
 Scorch                   Fire           0%         2d5       92%         2
 Flame Wave               Conj/Fire      0%         2d4       100%        4
 Summon Cactus Giant      Summ           0%         N/A       100%        6


Dungeon Overview and Level Annotations

Branches:
Dungeon (3/15)

Altars:

Annotations:
D:2 Terence


Innate Abilities, Weirdness & Mutations

You are immune to sickness and miasma.
Your stone body is resilient. (AC +3)
You are immune to poison.
You resist negative energy. (rN+)
You are resistant to electric shocks. (rElec)
You are resistant to unholy torment.
You are immune to petrification.


Message History

Terence shouts!
Terence barely misses you.
You hit Terence.
Terence is lightly wounded.
You block Terence's attack.
You barely miss Terence.
Terence is lightly wounded.
Terence hits you with a +3 mace of holy wrath!
Terence closely misses you.
You slash Terence!
Terence is heavily wounded.
Terence completely misses you.
You closely miss Terence.
Terence is heavily wounded.
Terence hits you with a +3 mace of holy wrath.
You closely miss Terence.
Terence is heavily wounded.
Terence closely misses you.
Terence hits you with a +3 mace of holy wrath.
You hit Terence.
Terence is severely wounded.
Terence closely misses you.
You hit Terence.
Terence is almost dead.
Terence says, "You're history."
Terence completely misses you.
You hit Terence but do no damage.
Terence is almost dead.
Terence closely misses you.
Terence hits you with a +3 mace of holy wrath.
You hit Terence but do no damage.
Terence is almost dead.
Terence hits you but does no damage.
You barely miss Terence.
Terence is almost dead.
Terence hits you with a +3 mace of holy wrath!
* * * LOW HITPOINT WARNING * * *
It was a potion of haste.
You feel yourself speed up.
Terence hits you with a +3 mace of holy wrath.
You die...

..........######+#.#
...................#
...................#
...................#
.......†...........
.....##...........
.....###########'#
......# #@# ......#
#@# )....(#
#######.# .....##
#.......# .....#
#.####### .....# #.#
....># #.# .....#
#.# .....# #.#
.....# #.#


You could see Terence.

Vanquished Creatures
  2 adders
  2 worms
  An endoplasm (D:1)
  2 giant cockroaches
  3 hobgoblins
  3 quokkas (D:1)
  4 ball pythons
  A bat (D:2)
  5 frilled lizards
  5 goblins
  3 kobolds
  A rat (D:1)
  A spectral kobold (D:1)
33 creatures vanquished.

Vanquished Creatures (others)
  7 toadstools (D:2)
7 creatures vanquished.

Grand Total: 40 creatures vanquished

Notes
Turn   | Place    | Note
-------+----------+-------------------------------------------
     0 | D:1      | timneilson the Gargoyle Fighter began the quest for the
                  | Orb.
     0 | D:1      | Reached XP level 1. HP: 14/14 MP: 1/1
   152 | D:1      | Reached XP level 2. HP: 19/19 MP: 2/2
   384 | D:1      | Found a faded altar of an unknown god.
   836 | D:2      | Reached XP level 3. HP: 23/23 MP: 3/3
  1026 | D:2      | You are sucked into a shaft and drop 1 floor!
  1210 | D:2      | Noticed Terence
  1225 | D:2      | HP: 1/23 [Terence/+3 mace of holy wrath (8)]
  1226 | D:2      | Slain by Terence

Illustrated notes

Levels and vault maps discovered:
D:1:      dpeg_arrival_pits, layout_loops_ring,
          dreamdust_ecumenical_altar_drowned_temple
D:2:      cheibrodos_fertilizer, layout_basic, uniq_terence
D:3:      layout_loops_corners, mainiacjoe_overflow_big_doors

Skill      XL: |  1 |
---------------+----+-----
Long Blades    | 2 |  2.4
Fighting       | |  3.4
Armour         | |  3.9
Dodging        | |  0.5
Shields        | |  3.8

Action                     || total
---------------------------++-------
  Melee: Long sword        ||   161
    Use: Scroll            ||     2
         Potion            ||     1
 Armour: Scale mail        ||   103
  Dodge: Dodged            ||   100
  Block: Buckler           ||    35

Table legend: (Time is in decaauts)
 A = Elapsed time spent in this place.
 B = Non-inter-level travel time spent in this place.
 C = Inter-level travel time spent in this place.
 D = Time resting spent in this place.
 E = Time spent auto-exploring this place.
 F = Levels seen in this place.
 G = Mean time per level.
                   A        B        C        D        E       F      G
               +--------+--------+--------+--------+--------+-----+--------+
         Total |   1279 |   1279 |      0 |      0 |    922 |   3 |  426.3 |
       Dungeon |   1279 |   1279 |      0 |      0 |    922 |   3 |  426.3 |
               +--------+--------+--------+--------+--------+-----+--------+

Top non-repeatable levels by time:
     D:1: 721 daAuts
     D:2: 498 daAuts
     D:3: 59 daAuts
